Map: Vaani Research Station (Void)

Players

Bly - Winner!

  • Race: Zerg Zerg
  • League: Grandmaster
  • Spawn Location: 12:00

Evire

  • Race: Protoss Protoss
  • League: Grandmaster
  • Spawn Location: 6:00

Event: NationWars IV

VOD

Have the link to the VOD?

Description

Time

  • Played on: Dec. 22, 2016, 3:45 p.m.
  • Length: 12:05
Show
View Real Time Build Order
Export as new Build Order

Bly Zerg - Winner!

Build Orders: Hatch First 

Get SALT Encoding   

  12  0:01  Drone  
  13  0:14  Overlord  
  13  0:17  Drone  
  14  0:32  Drone x2  
  16  0:41  Drone  
  17  0:55  Hatchery  
  16  1:02  Drone  
  17  1:05  Drone  
  17  1:11  Extractor  
  17  1:18  Spawning Pool  
  16  1:20  Drone  
  17  1:28  Extractor  
  17  1:29  Drone x2  
  18  1:42  Drone  
  19  1:59  Drone  
  20  2:03  Drone  
  20  2:06  Extractor, Queen  
  20  2:07  Queen  
  25  2:08  Zergling x2  
  25  2:13  Metabolic Boost  
  27  2:22  Drone  
  27  2:24  Overlord  
  27  2:48  Hatchery  
  26  2:53  Drone  
  26  2:54  Drone x3  
  30  3:00  Overlord  
  30  3:10  Drone x3  
  30  3:11  Spore Crawler  
  32  3:21  Drone x4  
  32  3:23  Overlord  
  36  3:30  Zergling x2  
  36  3:31  Zergling x6  
  40  3:39  Lair  
  40  3:48  Drone  
  41  3:51  Extractor  
  41  3:55  Drone x6  
  46  4:01  Roach Warren  
  45  4:05  Drone  
  46  4:13  Queen  
  46  4:26  Extractor  
  45  4:38  Drone  
  45  4:39  Drone x2  
  45  4:42  Roach x5  
  57  4:46  Overlord x3  
  56  5:00  Spore Crawler  
  56  5:02  Roach  
  56  5:04  Glial Reconstitution  
  56  5:05  Roach  
  56  5:06  Roach x4  
  67  5:10  Roach, Spore Crawler  
  68  5:17  Roach x2  
  69  5:32  Drone x5  
  74  5:42  Overseer  
  74  5:44  Drone x2  
  74  5:47  Drone x4  
  74  5:49  Drone x2  
  82  5:50  Drone  
  82  6:00  Overlord x2  
  82  6:03  Overseer  
  82  6:04  Overlord  
  82  6:18  Overlord x2  
  82  6:21  Hydralisk Den  
  81  6:35  Drone  
  81  6:36  Drone x8  
  81  6:38  Overlord  
  88  6:48  Roach  
  88  6:49  Roach x7  
  88  6:53  Muscular Augments  
  104  6:55  Extractor  
  81  7:17  Hydralisk  
  81  7:18  Hydralisk x6  
  81  7:19  Extractor  
  94  7:24  Drone x3  
  94  7:25  Drone  
  94  7:27  Extractor, Drone x2  
  99  7:34  Ravager  
  99  7:35  Hydralisk x2  
  104  7:45  Hatchery  
  104  7:48  Overseer  
  104  7:50  Hydralisk  
  105  7:53  Drone  
  105  7:57  Overlord  
  106  8:09  Overlord x5  
  106  8:14  Evolution Chamber  
  104  8:26  Roach x5  
  114  8:27  Overlord  
  114  8:38  Infestation Pit  
  113  8:47  Hydralisk  
  113  8:48  Hydralisk x11  
  115  8:50  Zerg Missile Weapons Level 1  
  115  8:51  Drone  
  115  8:55  Drone  
  137  8:59  Drone x3  
  140  9:08  Hydralisk x5  
  150  9:19  Overlord  
  150  9:25  Infestor x2  
  154  9:34  Roach  
  154  9:35  Roach x6  
  144  9:48  Hydralisk x4  
  138  9:55  Drone x10  
  148  10:09  Ravager x4  
  148  10:10  Ravager  
  148  10:12  Drone x4  
  148  10:13  Drone  
  158  10:15  Extractor  
  158  10:16  Extractor  
  156  10:28  Overseer  
  156  10:31  Drone x5  
  156  10:34  Ravager x3  
  156  10:35  Overlord, Ravager  
  165  10:36  Overlord x3  
  165  10:38  Hatchery  
  165  10:40  Spore Crawler  
  165  10:42  Spore Crawler, Spine Crawler  
  161  10:57  Overlord  
  161  10:58  Zergling x2  
  161  10:59  Zergling x18  
  158  11:11  Hydralisk x7  
  143  11:24  Hydralisk  
  143  11:25  Hydralisk x5  
  142  11:34  Hydralisk  
  142  11:35  Hydralisk x4  
  142  11:38  Overlord  
Show
View Real Time Build Order
Export as new Build Order

Evire Protoss 

Build Orders: 1 Gate Expand 

Get SALT Encoding   

  12  0:01  Probe (Chrono Boost)  
  13  0:11  Probe (Chrono Boost)  
  14  0:18  Pylon  
  14  0:23  Probe (Chrono Boost)  
  15  0:37  Probe (Chrono Boost)  
  15  0:38  Gateway  
  16  0:47  Probe (Chrono Boost)  
  16  0:48  Assimilator  
  17  0:58  Probe (Chrono Boost)  
  18  1:08  Probe (Chrono Boost)  
  19  1:19  Probe (Chrono Boost)  
  20  1:29  Nexus  
  20  1:37  Cybernetics Core  
  20  1:42  Probe (Chrono Boost)  
  21  1:52  Probe (Chrono Boost)  
  22  1:58  Pylon  
  22  2:03  Probe (Chrono Boost)  
  23  2:13  Adept  
  23  2:15  Warp Gate, Assimilator  
  23  2:21  Probe (Chrono Boost)  
  26  2:31  Twilight Council  
  26  2:34  Probe (Chrono Boost)  
  26  2:36  Adept  
  27  2:42  Probe (Chrono Boost)  
  29  2:47  Probe (Chrono Boost)  
  30  2:53  Probe (Chrono Boost)  
  30  2:58  Resonating Glaives  
  32  2:59  Probe (Chrono Boost)  
  32  3:06  Probe (Chrono Boost)  
  34  3:13  Probe (Chrono Boost)  
  35  3:24  Gateway x2  
  35  3:26  Mothership Core (Chrono Boost)  
  36  3:29  Probe (Chrono Boost)  
  37  3:35  Pylon  
  37  3:41  Probe (Chrono Boost)  
  38  3:44  Probe (Chrono Boost)  
  39  3:50  Assimilator  
  39  3:53  Probe (Chrono Boost)  
  39  3:54  Assimilator  
  39  3:55  Probe (Chrono Boost)  
  41  4:05  Probe x2 (Chrono Boost)  
  41  4:08  Pylon  
  43  4:16  Probe (Chrono Boost)  
  45  4:17  Probe (Chrono Boost)  
  45  4:19  Adept x3  
  49  4:26  Probe (Chrono Boost)  
  49  4:29  Probe (Chrono Boost)  
  51  4:37  Probe (Chrono Boost)  
  51  4:41  Adept  
  51  4:42  Adept x2  
  56  4:49  Probe (Chrono Boost)  
  56  4:56  Probe (Chrono Boost)  
  57  5:00  Stargate  
  57  5:01  Probe (Chrono Boost)  
  57  5:03  Stargate  
  57  5:05  Pylon  
  57  5:06  Probe (Chrono Boost)  
  58  5:10  Sentry  
  58  5:13  Probe (Chrono Boost)  
  59  5:17  Probe (Chrono Boost)  
  60  5:25  Probe (Chrono Boost)  
  60  5:27  Probe (Chrono Boost)  
  60  5:38  Probe x2 (Chrono Boost)  
  60  5:40  Nexus  
  56  5:43  Pylon  
  56  5:45  Phoenix x2  
  62  5:50  Probe x2 (Chrono Boost)  
  62  5:54  Pylon  
  58  6:00  Sentry  
  58  6:01  Sentry  
  58  6:02  Probe x2 (Chrono Boost)  
  64  6:04  Void Ray  
  64  6:06  Pylon  
  64  6:07  Pylon  
  64  6:09  Void Ray  
  73  6:19  Probe (Chrono Boost)  
  73  6:29  Pylon  
  73  6:31  Sentry x2  
  73  6:32  Sentry  
  74  6:38  Probe (Chrono Boost)  
  67  6:42  Void Ray  
  71  6:58  Probe (Chrono Boost), Zealot x3  
  78  7:07  Probe (Chrono Boost)  
  80  7:13  Probe (Chrono Boost)  
  80  7:19  Nexus  
  80  7:25  Pylon  
  80  7:26  Pylon  
  80  7:34  Pylon  
  80  7:38  Robotics Facility  
  80  7:39  Phoenix x2  
  85  7:45  Probe (Chrono Boost)  
  85  7:49  Pylon  
  86  7:52  Probe (Chrono Boost)  
  86  7:55  Adept x2  
  90  8:01  Probe (Chrono Boost), Phoenix x2  
  90  8:02  Adept  
  90  8:04  Pylon  
  97  8:11  Robotics Facility  
  97  8:12  Probe (Chrono Boost)  
  98  8:23  Adept, Phoenix x2  
  104  8:29  Immortal  
  108  8:40  Probe x2 (Chrono Boost)  
  108  8:41  Adept x2  
  114  8:47  Probe (Chrono Boost)  
  115  8:52  Probe (Chrono Boost)  
  115  8:54  Immortal  
  118  8:56  Forge  
  120  9:06  Assimilator  
  120  9:07  Adept x2, Assimilator  
  124  9:10  Sentry  
  126  9:27  Probe (Chrono Boost)  
  125  9:41  Probe (Chrono Boost), Phoenix  
  125  9:44  Phoenix  
  110  9:50  Probe (Chrono Boost)  
  110  9:52  Immortal  
  106  9:53  Immortal  
  106  9:54  Probe x2 (Chrono Boost)  
  106  9:55  Charge  
  115  10:02  Nexus  
  115  10:03  Pylon  
  111  10:08  Pylon  
  111  10:09  Pylon  
  111  10:10  Pylon  
  111  10:11  Mothership Core (Chrono Boost)  
  113  10:19  Zealot x3  
  118  10:29  Observer  
  118  10:30  Gateway  
  118  10:31  Gateway  
  118  10:32  Gateway  
  118  10:33  Pylon  
  118  10:34  Immortal, Gateway  
  118  10:35  Templar Archives  
  123  10:45  Nexus  
  123  10:47  Zealot x2  
  127  10:56  Zealot  
  120  11:07  Zealot x2  
  79  11:23  Zealot  
  58  11:28  Probe x2 (Chrono Boost), Zealot x2  
  60  11:38  Zealot x2  
  60  11:39  Zealot x2  
  73  11:43  Probe x2 (Chrono Boost)  
  73  11:46  Probe (Chrono Boost)  
  72  11:49  High Templar x2  
  72  11:50  Zealot  
  72  11:53  Archon  
  72  11:55  Probe x2 (Chrono Boost)  
Tags
 
Add a new tag
Caveats
  • Supply blocks, unpowered buildings, or Contaminate may cause inaccurate times.
  • Supply counts are checked every 10 seconds.